 Dungeon Crawl Stone Soup version 0.27.1-1-g398f81649c (webtiles) character file.

Game seed: 5017675588289905722

28932 GameOver the Thaumaturge (level 13, -30/141 HPs)
             Began as a Naga Hedge Wizard on Sept 12, 2021.
             Was an Elder of Kikubaaqudgha.
             Engulfed by an ice statue's freezing vapour (31 damage)
             ... in an ice cave on Sept 13, 2021.
             The game lasted 01:53:51 (11638 turns).

GameOver the Thaumaturge (Naga Hedge Wizard)       Turns: 11638, Time: 01:53:51

Health: -30/141    AC: 26    Str: 12    XL:     13   Next: 42%
Magic:  18/28      EV:  1    Int: 25    God:    Kikubaaqudgha [****..]
Gold:   871        SH:  0    Dex: 12    Spells: 15/34 levels left

rFire    + . .     SeeInvis +   w - +5 demon blade (flame)
rCold    . . .     Faith    .   (no shield)
rNeg     + + +     Spirit   .   (armour currently unavailable)
rPois    +         Reflect  .   (helmet currently unavailable)
rElec    .         Harm     .   (cloak currently unavailable)
rCorr    .         Rampage  .   (gloves currently unavailable)
Will     +....     NoTele   +   (no barding)
Stlth    ++++......             A - amulet of the acrobat
HPRegen  0.33/turn              B - +6 ring of intelligence
MPRegen  0.21/turn              z - ring of protection from fire

@: tree-form
A: stationary, stasis, torment immunity, boosted hp, AC +4, large, see
invisible, (deformed body), (poison resistance), (slowness 2), spit poison 1,
(naga tail 2)
a: Spit Poison, Renounce Religion, Receive Corpses


You were in an ice cave.
You worshipped Kikubaaqudgha.
Kikubaaqudgha was greatly pleased with you.
You were a tree.
You visited 3 branches of the dungeon, and saw 16 of its levels.
You also visited: Ossuary, Ice Cave and Volcano.

You collected 871 gold pieces.

Inventory:

Hand Weapons
 k - a +2 quick blade of flaming
 s - the +9 spear of Uskayaw's Outrage {vamp, Int+2}
   (You found it on level 2 of the Lair of Beasts)

   It occasionally heals its wielder for a portion of the damage dealt when it
   wounds a living foe.
   Int:       It affects your intelligence (+2).
 w - a +5 demon blade of flaming (weapon)
 W - a +2 whip of electrocution
Missiles
 Y - 2 throwing nets
Armour
 b - a +2 robe of the Archmagi (melded)
 c - a +2 hat of willpower (melded)
 d - a +1 pair of gloves of strength (melded)
 F - +0 steam dragon scales
 M - a +1 kite shield of poison resistance
 O - a +2 robe of cold resistance
 P - a +1 cloak (melded)
 U - a +0 troll leather armour
Magical Staves
 e - a staff of conjuration
 E - a staff of death
Jewellery
 l - a ring of wizardry
 t - a ring of flight
 z - a ring of protection from fire (right branch)
 A - an amulet of the acrobat (around neck)
 B - a +6 ring of intelligence (left branch)
 S - a ring of fire
Wands
 g - a wand of paralysis (15)
 p - a wand of flame (13)
 y - a wand of mindburst (27)
 H - a wand of iceblast (16)
 K - a wand of digging (4)
Scrolls
 a - a scroll of torment
 j - 10 scrolls of teleportation
 m - a scroll of magic mapping {unknown}
 n - 2 scrolls of immolation
 q - 3 scrolls of vulnerability
 C - a scroll of enchant armour {unknown}
 D - a scroll of blinking
 G - a scroll of fog
 T - a scroll of fear {unknown}
Potions
 f - 2 potions of brilliance
 h - 3 potions of haste
 i - 5 potions of curing
 r - 3 potions of lignification
 u - a potion of attraction {unknown}
 v - 3 potions of heal wounds
 x - a potion of cancellation {unknown}
 I - 3 potions of resistance
 J - 5 potions of flight
 N - a potion of mutation {unknown}
 Q - 2 potions of magic
 R - 2 potions of might {unknown}


   Skills:
 + Level 3.4 Armour
 - Level 1.5 Dodging
 - Level 9.0 Stealth
 + Level 11.0 Spellcasting
 - Level 6.0 Conjurations
 - Level 1.0 Summonings
 - Level 3.0 Translocations
 - Level 9.0 Fire Magic
 - Level 9.0 Ice Magic
 - Level 9.0 Air Magic
 - Level 9.0 Poison Magic


You had 15 spell levels left.
You knew the following spells:

 Your Spells              Type           Power      Damage    Failure   Level
a - Magic Dart            Conj           100%       1d8       1%          1
b - Blink                 Tloc           N/A        N/A       1%          2
c - Dispel Undead         Necr           13%        3d9       41%         4
d - Mephitic Cloud        Conj/Pois/Air  52%        N/A       1%          3
f - Freezing Cloud        Conj/Ice/Air   26%        6-21      4%          5
s - Sticky Flame          Conj/Fire      50%        2d7       1%          4

Your spell library contained the following spells:

 Spells                   Type           Power      Damage    Failure   Level
 Foxfire                  Conj/Fire      100%       2x1d9     1%          1
 Corpse Rot               Necr/Air       N/A        N/A       1%          2
 Poisonous Vapours        Pois/Air       100%       N/A       1%          2
 Static Discharge         Conj/Air       50%        N/A       1%          2
 Conjure Flame            Conj/Fire      50%        6-21      1%          3
 Ignite Poison            Fire/Tmut/Pois 43%        N/A       1%          3
 Inner Flame              Hex/Fire       36%        N/A       1%          3
 Stone Arrow              Conj/Erth      56%        3d10      3%          3
 Animate Skeleton         Necr           26%        N/A       4%          1
 Pain                     Necr           52%        1d6       4%          1
 Call Imp                 Summ           18%        N/A       4%          2
 Lightning Bolt           Conj/Air       25%        1d41      5%          5
 Slow                     Hex            13%        N/A       7%          2
 Sublimation of Blood     Necr           6%         N/A       7%          2
 Vampiric Draining        Necr           6%         2d6       13%         3
 Bolt of Magma            Conj/Fire/Erth 19%        4d10      16%         5
 Animate Dead             Necr           6%         N/A       41%         4
 Agony                    Necr           13%        N/A       77%         5
 Borgnjor's Vile Clutch   Necr/Erth      6%         N/A       77%         5
 Excruciating Wounds      Necr           6%         N/A       77%         5
 Maxwell's Capacitive Co  Air            28%        ∞         100%        8
 Shatter                  Erth           6%         3d9*      100%        9


Dungeon Overview and Level Annotations

Branches:
Dungeon (11/15)            Temple (1/1) D:7            Lair (5/6) D:11
Ossuary (visited)           IceCv (1/1)             Volcano (visited)
  Swamp: Lair:2-4    Shoals: Lair:2-4     Snake: Lair:2-4    Spider: Lair:2-4
  Slime: Lair:5-6       Orc: D:9-12

Altars:
Ashenzari
Cheibriados
Dithmenos
Elyvilon
Fedhas
Gozag
Hepliaklqana
Kikubaaqudgha
Makhleb
Nemelex Xobeh
Okawaru
Qazlal
Ru
Sif Muna
Trog
Uskayaw
Vehumet
Wu Jian
Xom
Yredelemnul
Zin
The Shining One

Annotations:
D:3 1 runed translucent door, Crazy Yiuf
D:10 wand of dig needed IceCv exclusion: ice statue


Innate Abilities, Weirdness & Mutations

You are a tree.
Your roots penetrate the ground, keeping you stationary.
You cannot be teleported.
You are immune to unholy pain and torment.
Your maximum health is greatly increased.
Your equipment is partially melded.
((Your serpentine skin is tough. (AC +4)))
You have supernaturally acute eyesight. (SInv)
((Armour fits poorly on your strangely shaped body.))
((Your system is resistant to poisons. (rPois)))
((You cover ground very slowly.))
You can spit poison.
((You can use your snake-like lower body to constrict enemies.))


Message History

The spriggan simulacrum is covered in liquid flames!
The spriggan simulacrum burns!
The spriggan simulacrum vaporises!
Kikubaaqudgha accepts your kill.
You have got your breath back.
An ice statue comes into view.
Marking area around an ice statue as unsafe for travelling.
Okay, then.
Found a slimy copper ring.
The ice statue gestures at you. The freezing blast engulfs you.
The ice statue gestures at you. The bolt of cold hits you!!
* * * LOW HITPOINT WARNING * * *
Unknown command.
Really quaff the potion of lignification?
Really become a tree while standing in a cloud of freezing vapour?
You turn into a tree.
Your +1 cloak melds into your body.
Your +2 hat of willpower melds into your body.
Your +1 pair of gloves of strength melds into your body.
Your +2 robe of the Archmagi melds into your body.
You feel less strong-willed.
You feel weaker.
You feel strangely numb.
Your roots penetrate the ground.
You are engulfed in freezing vapours.
* * * LOW HITPOINT WARNING * * *
Unknown command.
Unknown command.
You hit the ice statue.
You melt the ice statue.
The ice statue is lightly damaged.
You are engulfed in freezing vapours.
* * * LOW HITPOINT WARNING * * *
The ice statue gestures.
Unknown command.
Unknown command.
You slash the ice statue!
You melt the ice statue!
The ice statue is moderately damaged.
You are engulfed in freezing vapours.
You die...
Kikubaaqudgha rasps: "You have failed me!
Welcome... death!"

##### ##...### #
#......## # .
#..##...## =#.
#...##...### #.###
##..####...####○.☼#
#...####...##☼8○#
#....# #..##.○♣#
#∩..####..###Y○#
##..∩##..####.°#
#####.....#..##
##.#....## ########


You could see an ice statue and an ice beast (summoned).

Vanquished Creatures
  4 hydras
  Erica (D:8)
  2 two-headed ogres
  Nergalle (Lair:1)
  A lindwurm (Lair:3)
  2 orc sorcerers (D:11)
  A manticore (D:11)
  Maurice (D:10)
  3 black mambas
  A gargoyle (D:10)
  4 cane toads
  Maggie (D:7)
  Psyche (D:8)
  A rime drake (Lair:1)
  6 komodo dragons
  2 kobold demonologists (D:10)
  A polar bear (Lair:2)
  5 trolls
  14 hornets
  11 blink frogs
  A wraith (D:11)
  15 yaks
  4 wyverns
  A basilisk (Lair:2)
  3 fire bats (Volcano)
  2 steam dragons
  4 vampire mosquitoes (D:11)
  Menkaure (D:7)
  9 water moccasins
  A hell hound (Volcano)
  2 ice beasts
  Duvessa (D:5)
  A sky beast (D:6)
  2 black bears (D:5)
  2 orc warriors
  2 necrophages
  3 ogres
  13 wolves (Lair:2)
  6 centaurs
  A phantom (D:5)
  7 kobold brigands
  10 bullfrogs
  2 gnoll sergeants
  Dowan (D:5)
  3 scorpions
  A cane toad simulacrum (IceCv)
  9 water moccasin zombies
  8 killer bees (D:11)
  16 wights
  5 howler monkeys
  2 electric eels (Lair:2)
  A jelly (D:5)
  5 orc priests
  A gnoll shaman (D:7)
  4 hounds
  A bullfrog skeleton (D:3)
  2 centaur skeletons
  An iguana (D:7)
  6 orc wizards
  A spriggan simulacrum (IceCv)
  A wolf simulacrum (IceCv)
  2 mummies (Ossuary)
  A howler monkey zombie (D:8)
  2 adders
  10 gnolls
  2 howler monkey skeletons
  A naga simulacrum (IceCv)
  A shadow imp (D:8)
  2 ufetubi (IceCv)
  4 adder zombies (Ossuary)
  An adder skeleton (D:4)
  8 worms
  12 dart slugs
  29 orcs
  10 bats
  10 endoplasms
  2 giant cockroaches
  5 gnoll zombies (Ossuary)
  9 goblins
  4 hobgoblins
  3 jackals (D:2)
  5 quokkas
  4 ball pythons
  9 frilled lizards
  3 hobgoblin zombies (Ossuary)
  26 kobolds
  9 kobold zombies (Ossuary)
  2 orc zombies (Ossuary)
  4 rats
404 creatures vanquished.

Vanquished Creatures (others)
  An ogre (D:5)
  12 fungi
  25 plants
38 creatures vanquished.

Grand Total: 442 creatures vanquished

Notes
Turn   | Place    | Note
-------+----------+-------------------------------------------
     0 | D:1      | GameOver the Naga Hedge Wizard began the quest for the Orb.
     0 | D:1      | Reached XP level 1. HP: 15/15 MP: 4/4
    79 | D:1      | Reached XP level 2. HP: 22/22 MP: 3/6
   357 | D:1      | Reached XP level 3. HP: 23/28 MP: 1/7
   742 | D:2      | Found a faded altar of an unknown god.
   979 | D:2      | Learned a level 2 spell: Blink
   983 | D:2      | Learned a level 3 spell: Mephitic Cloud
  1125 | D:2      | Reached XP level 4. HP: 36/36 MP: 3/8
  1655 | D:3      | Found a runed translucent door.
  1656 | D:3      | Noticed Crazy Yiuf
  1816 | D:3      | Reached XP level 5. HP: 42/42 MP: 4/9
  2218 | D:4      | Noticed an ogre
  2300 | D:4      | Learned a level 4 spell: Sticky Flame
  2334 | D:4      | Killed an ogre
  2335 | D:4      | Reached skill level 5 in Conjurations
  2335 | D:4      | Reached skill level 1 in Fire Magic
  2335 | D:4      | Reached skill level 1 in Poison Magic
  2418 | D:4      | Found a radiant altar of Vehumet.
  2431 | D:4      | Reached XP level 6. HP: 33/49 MP: 5/10
  2519 | D:4      | Identified the +0 scale mail "Deomm" {rPois rC++ Dex+3}
  2790 | D:4      | Found a white marble altar of Elyvilon.
  2795 | D:4      | Found a shadowy altar of Dithmenos.
  2797 | D:4      | Found a blossoming altar of Fedhas.
  2798 | D:4      | Found a basalt altar of Yredelemnul.
  2844 | D:5      | Entered Level 5 of the Dungeon
  2844 | D:5      | Noticed a black bear
  3049 | D:5      | Noticed a black bear
  3058 | D:5      | Reached XP level 7. HP: 55/55 MP: 5/11
  3283 | D:5      | Noticed a steam dragon
  3297 | D:5      | Reached skill level 5 in Poison Magic
  3302 | D:5      | HP: 1/55 [scorpion (8)]
  3570 | D:5      | Reached skill level 5 in Stealth
  3570 | D:5      | Reached XP level 8. HP: 59/62 MP: 5/12
  3862 | D:5      | Noticed Duvessa
  3879 | D:5      | Noticed Dowan
  3936 | D:5      | Killed Duvessa
  3944 | D:5      | Killed Dowan
  4463 | D:6      | Reached XP level 9. HP: 68/68 MP: 12/14
  4860 | D:6      | Reached skill level 4 in Spellcasting
  4860 | D:6      | Reached skill level 5 in Fire Magic
  4935 | D:7      | Noticed a troll
  5003 | D:7      | Noticed Menkaure
  5008 | D:7      | Killed Menkaure
  5179 | D:7      | Found a sand-covered staircase.
  5186 | Ossuary  | Entered an ossuary
  5276 | Ossuary  | Reached skill level 5 in Spellcasting
  5573 | D:7      | Noticed Maggie
  5650 | D:7      | Killed Maggie
  5651 | D:7      | Reached XP level 10. HP: 50/75 MP: 12/18
  5655 | D:7      | Reached skill level 6 in Spellcasting
  5717 | D:7      | Found a staircase to the Ecumenical Temple.
  5934 | Temple   | Entered the Ecumenical Temple
  6093 | Temple   | Became a worshipper of Kikubaaqudgha
  6542 | D:8      | Noticed Erica
  6559 | D:8      | Killed Erica
  6560 | D:8      | Reached skill level 7 in Spellcasting
  6765 | D:8      | Noticed Psyche
  6775 | D:8      | Killed Psyche
  7160 | D:9      | Reached * piety under Kikubaaqudgha
  7160 | D:9      | Received a gift from Kikubaaqudgha
  7233 | D:9      | Reached skill level 8 in Spellcasting
  7247 | D:9      | Reached XP level 11. HP: 64/81 MP: 10/23
  7588 | D:9      | Learned a level 5 spell: Freezing Cloud
  7615 | D:10     | Entered Level 10 of the Dungeon
  7799 | D:10     | Noticed Maurice
  7820 | D:10     | Reached skill level 1 in Ice Magic
  7820 | D:10     | Reached skill level 1 in Air Magic
  7830 | D:10     | Killed Maurice
  7831 | D:10     | Reached skill level 9 in Spellcasting
  8288 | D:10     | Noticed a two-headed ogre
  8307 | D:10     | Killed a two-headed ogre
  8328 | D:10     | Reached ** piety under Kikubaaqudgha
  8365 | D:11     | Found a staircase to the Lair.
  8366 | D:11     | Noticed an orc sorcerer
  8367 | D:11     | Noticed an orc sorcerer
  8380 | D:11     | Killed an orc sorcerer
  8383 | D:11     | Killed an orc sorcerer
  8822 | D:11     | Reached skill level 5 in Air Magic
  8824 | D:11     | Noticed a manticore
  8841 | D:11     | Reached XP level 12. HP: 47/88 MP: 12/25
  8852 | D:11     | Reached *** piety under Kikubaaqudgha
  8852 | D:11     | Received a gift from Kikubaaqudgha
  8853 | D:11     | Reached skill level 10 in Spellcasting
  8853 | D:11     | Reached skill level 5 in Ice Magic
  8858 | D:11     | Learned a level 4 spell: Dispel Undead
  8865 | D:11     | Identified a scroll of acquirement
  8866 | D:11     | Acquired a staff of conjuration
  8947 | D:11     | Noticed a five-headed hydra
  8952 | D:11     | Killed a five-headed hydra
  9232 | Lair:1   | Entered Level 1 of the Lair of Beasts
  9543 | Lair:1   | Noticed Nergalle
  9610 | Lair:1   | Killed Nergalle
 10049 | Lair:2   | Noticed a six-headed hydra
 10056 | Lair:2   | Killed a six-headed hydra
 10147 | Lair:2   | Reached skill level 1 in Armour
 10265 | Lair:2   | Reached **** piety under Kikubaaqudgha
 10330 | Lair:2   | Noticed a six-headed hydra
 10347 | Lair:2   | Killed a six-headed hydra
 10485 | Lair:2   | Gained mutation: You can use your snake-like lower body to
                  | constrict enemies. [Naga growth]
 10485 | Lair:2   | Reached XP level 13. HP: 61/94 MP: 14/27
 10533 | Lair:2   | Identified the +9 spear of Uskayaw's Outrage {vamp, Int+2}
 10991 | Lair:3   | Found a dark tunnel.
 11008 | Volcano  | Entered a volcano
 11327 | Lair:3   | You fall into a shaft and drop 2 floors!
 11402 | Lair:5   | Reached skill level 11 in Spellcasting
 11544 | Lair:5   | Found a frozen archway.
 11553 | IceCv    | Entered an ice cave
 11637 | IceCv    | HP: 1/141 [ice statue] (38)]
 11638 | IceCv    | Engulfed by an ice statue's freezing vapour

Illustrated notes

Levels and vault maps discovered:
D:1:      wheals_arrival_linesprint, layout_basic, grunt_decor_arrowhead,
          chequers_serial_rivers_small_3, minivault_14, minmay_split_cup_small
D:2:      layout_loops_ring, ebering_ecumenical_altar_mist
D:3:      minmay_octagon_keep, layout_basic, nrook_uturn,
          uniq_crazy_yiuf_cottage
D:4:      layout_basic, mainiacjoe_overflow_brackets, minitemple
D:5:      kennysheep_slugbush, layout_gridville, minmay_quadrilaterals,
          uniq_duvessa
D:6:      layout_loops_ring, minmay_misc_feat_ornament
D:7:      layout_basic, temple_pool_b, chequers_ossuary_entry_cave,
          chequers_serial_rivers_micro_d, uniq_menkaure, uniq_maggie
D:8:      layout_loops_ring, uniq_erica, uniq_psyche
D:9:      layout_rooms
D:10:     layout_loops_cross, hive_lemuel, uniq_maurice
D:11:     cheibrodos_wizards_tower, layout_basic, lair_entry_dummy
Temple:   bh_familiar_temple
Lair:1:   layout_regular_city, uniq_nergalle
Lair:2:   layout_regular_city, serial_bayou_ford_a, grunt_megastairs_3,
          serial_bayou_shore_a
Lair:3:   layout_chaotic_city, spider_nest_entry_funnel_web,
          nicolae_volcano_entry_vermiform, serial_bayou_shore_b
Lair:5:   layout_regular_city, portal_ice_cave_entry_pillars_1,
          grunt_megastairs_4
IceCv:    ice_cave_caverns_03

Skill      XL: |  1  2  3  4  5  6  7  8  9 10 11 12 13 |
---------------+----------------------------------------+-----
Conjurations   | 2 3 4 5 6 |  6.0
Fire Magic     | 1 2 3 4 7 9 |  9.0
Poison Magic   | 1 3 6 8 9 |  9.0
Stealth        | 5 7 9 |  9.0
Spellcasting   | 5 8 9 10 11 | 11.0
Translocations | 3 |  3.0
Ice Magic      | 4 8 9 |  9.0
Air Magic      | 5 8 9 |  9.0
Armour         | 2 3 |  3.4
Dodging        | |  1.5
Summonings     | |  1.0

Action                   |  1- 3 |  4- 6 |  7- 9 | 10-12 | 13-15 || total
-------------------------+-------+-------+-------+-------+-------++-------
Melee: Dagger            |     5 |    16 |    27 |   119 |       ||   167
       Spear             |     3 |       |       |       |    21 ||    24
       Great sword       |       |     2 |     7 |       |       ||     9
       Long sword        |       |       |   125 |   121 |     4 ||   250
       Morningstar       |       |       |       |    13 |       ||    13
       Demon blade       |       |       |       |       |    25 ||    25
       Constrict         |       |       |       |       |    15 ||    15
 Cast: Magic Dart        |    63 |    71 |    82 |    74 |    13 ||   303
       Mephitic Cloud    |       |     3 |    16 |    61 |    11 ||    91
       Sticky Flame      |       |       |    26 |    51 |    16 ||    93
       Blink             |       |       |       |     4 |     1 ||     5
       Freezing Cloud    |       |       |       |     9 |     6 ||    15
 Abil: Spit Poison       |    49 |    42 |    51 |   120 |    23 ||   285
Evoke: Wand              |       |       |     4 |     3 |       ||     7
  Use: Potion            |       |       |     6 |       |     1 ||     7
       Scroll            |       |       |     7 |     7 |     4 ||    18
 Stab: Confused          |       |     2 |     1 |    20 |     2 ||    25
       Sleeping          |       |     1 |     3 |     3 |       ||     7
       Paralysed         |       |       |       |     3 |       ||     3
       Distracted        |       |       |       |     1 |       ||     1
Armor: Robe              |    14 |    18 |    84 |   142 |    26 ||   284
Dodge: Dodged            |    16 |    23 |    87 |   173 |    37 ||   336
       Rpst.: Great sword |       |       |     3 |       |       ||     3
       Long sword        |       |       |    16 |    22 |       ||    38
       Demon blade       |       |       |       |       |     3 ||     3
